 Dungeon Crawl Stone Soup version 0.21.1-1-g345015f (webtiles) character file.

42604 microfolk the Quickloader (level 14, -3/94 HPs)
             Began as a Kobold Berserker on May 11, 2018.
             Was a Priest of Trog.
             Slain by a gargoyle
             ... wielding a +0 dire flail
              (19 damage)
             ... while paralysed
             ... in a labyrinth.
             The game lasted 01:22:23 (32943 turns).

microfolk the Quickloader (Kobold Berserker)       Turns: 32943, Time: 01:22:23

Health: -3/94      AC:  9    Str: 18    XL:     14   Next: 56%
Magic:  0/23       EV:  3    Int: 10    God:    Trog [***...]
Gold:   930        SH:  0    Dex: 14    Spells: 13/13 levels left

rFire    . . .     SeeInvis +   a - +3 dagger (venom)
rCold    . . .     Gourm    .   (shield restricted)
rNeg     . . .     Faith    .   o - +1 scale mail
rPois    +         Spirit   +   (no helmet)
rElec    .         Reflect  .   (no cloak)
rCorr    .         Harm     .   K - +0 pair of gloves
MR       +++..                  (no boots)
Stlth    ..........             Y - amulet of guardian spirit
HPRegen  1.25/turn              t - ring of poison resistance
MPRegen  0.18/turn              h - ring of see invisible

@: paralysed, berserk cooldown, very slightly contaminated, regenerating, slowed
A: small, carnivore
a: Berserk, Trog's Hand, Burn Spellbooks, Renounce Religion


You were in a labyrinth.
You worshipped Trog.
Trog was most pleased with you.
You were near starving.

You visited 4 branches of the dungeon, and saw 18 of its levels.
You also visited: Labyrinth, Ice Cave and Volcano.

You collected 930 gold pieces.

Inventory:

Hand Weapons
 a - a +3 dagger of venom (weapon)
 b - a +0 hand crossbow
 Z - a +2 short sword of electrocution
Missiles
 f - 529 stones
 j - 10 curare-tipped needles
 n - 4 exploding tomahawks
 w - 14 tomahawks of returning
 B - 2 tomahawks
 I - 33 poisoned needles
 S - 107 bolts
 T - 4 poisoned tomahawks (quivered)
Armour
 o - a +1 scale mail (worn)
 r - a +0 scale mail of fire resistance
 v - a +2 leather armour of poison resistance
 C - a +0 plate armour
 K - a +0 pair of gloves (worn)
 M - a +0 cloak
 Q - a +0 troll leather armour
Jewellery
 h - a ring of see invisible (right hand)
 s - an uncursed ring of resist corrosion
 t - a ring of poison resistance (left hand)
 D - an uncursed ring of stealth
 P - a cursed -2 ring of slaying {unknown}
 W - the ring "Yrosk" {Ice Int+4 Dex+4}
   (You found it in an ice cave)

   [ring of ice]

   It enhances your ice magic.
   It affects your intelligence (+4).
   It affects your dexterity (+4).
   It makes you vulnerable to fire.
   It protects you from cold.
 X - an uncursed ring of fire {unknown}
 Y - an amulet of guardian spirit (around neck)
Wands
 E - a wand of paralysis (6)
 F - a wand of digging (58)
 N - a wand of enslavement (1)
 V - a wand of flame (27)
Scrolls
 d - 4 scrolls of teleportation
 l - 3 scrolls of fog
 q - 6 scrolls of fear
 x - 2 scrolls of blinking
 y - 9 scrolls of enchant armour
 G - 3 scrolls of enchant weapon
 R - a scroll of identify
Potions
 e - 6 potions of curing
 g - 3 potions of haste
 i - 4 potions of berserk rage
 k - 4 potions of heal wounds
 m - a potion of invisibility
 p - 3 potions of flight
 u - 4 potions of ambrosia
 z - 5 potions of might
 A - a potion of magic
 H - 2 potions of mutation
 J - 2 potions of lignification
 L - 2 potions of agility
 O - a potion of brilliance
Comestibles
 c - 15 rations


   Skills:
 + Level 13.3 Fighting
 - Level 4.0 Short Blades
 * Level 13.8 Crossbows
 - Level 5.0 Throwing
 - Level 6.0 Armour
 + Level 13.0 Dodging
 + Level 12.6 Evocations


You had 13 spell levels left.
You didn't know any spells.

Dungeon Overview and Level Annotations

Branches:
Dungeon (12/15)            Temple (1/1) D:4            Lair (4/6) D:8
  Swamp (0/4) Lair:2          Orc (1/2) D:11
  Snake: Lair:2-4    Spider: Lair:2-4

Altars:
Ashenzari
Cheibriados
Dithmenos
Fedhas
Gozag
Hepliaklqana
Kikubaaqudgha
Makhleb
Ru
Sif Muna
Trog
Vehumet
Wu Jian
Xom
Yredelemnul
The Shining One
Beogh

Shops:
D:9 *   D:12 %

Annotations:
D:4 exclusion: downstairs
D:6 exclusion: 2 downstairs
D:8 exclusion: downstairs
D:9 exclusion: downstairs
Lair:3 exclusion: 2 downstairs
Lair:4 Rhok's ghost, journeyman FeBe


Innate Abilities, Weirdness & Mutations

You are small and have problems with some larger weapons.
You are carnivorous and can eat meat at any time.


Message History

You recover from your berserk rage.
The gargoyle hits you with a mace.
A red film seems to cover your vision as you go berserk!
You feel yourself moving faster!
You feel mighty!
You are near starving!
You feel a strong urge to attack something.
The gargoyle closely misses you. The gargoyle hits you with a mace.
The gargoyle hurls a stone arrow at you.
The stone arrow misses you.
You feel your anger nearly subside.
You are no longer berserk.
You pass out from exhaustion.
You feel yourself slow down. The gargoyle hits you with a mace!
The gargoyle completely misses you. The gargoyle hits you with a mace!
The gargoyle hits you with a dire flail!!
* * * LOW HITPOINT WARNING * * *
The gargoyle hurls a stone arrow at you.
Helpless, you fail to dodge the stone arrow.
* * * LOW HITPOINT WARNING * * *
The gargoyle hits you with a dire flail!!
You die...

. # # #.### # .
# # .. # # < .
#.. #≈ ≈≈ [# #
#. .### # ######
#..#.. . # .
.....# .. ..9
.####
.#####.#9#.###.#
.. #.#9..#. .#.#
# #.###@###)#.##
# #
#.....9.....#
#.#####.##### .
.# .... # #.#
#.# .. #. ...
### # ###


You could see 2 gargoyles.

Vanquished Creatures
  A frost giant (IceCv)
  A minotaur (Lab)
  2 hydras
  The ghost of crasatator the Grappler, a novice TrFi of Cheibriados (D:10)
  A two-headed ogre (D:10)
  5 death yaks
  Urug (D:10)
  An unseen horror (D:10)
  Pikel (D:6)
  An ugly thing (D:6)
  An orc knight (D:11)
  A cyclops (D:11)
  Joseph (D:7)
  An ice statue (IceCv)
  6 spiny frogs
  5 kobold demonologists
  3 komodo dragons
  A tengu conjurer (D:10)
  14 polar bears
  A troll (D:10)
  Prince Ribbit (D:4)
  2 dream sheep (D:7)
  5 hippogriffs
  2 tyrant leeches (Lair:2)
  4 blink frogs (Lair:3)
  4 redbacks (Lab)
  39 yaks
  2 wyverns
  Sigmund (D:5)
  A fire bat (Volcano)
  Eustachio (D:5)
  A wraith (D:9)
  A basilisk (Lair:2)
  9 hungry ghosts
  3 vampire mosquitoes
  Edmund (D:5)
  7 water moccasins
  7 porcupines
  3 sky beasts
  6 orc warriors
  A slave (D:6)
  7 black bears
  4 ice beasts
  21 wolves
  9 centaurs
  5 ogres
  10 crocodiles
  6 big kobolds
  Blork the orc (D:5)
  An earth elemental (Lab)
  15 bullfrogs
  A wyvern skeleton (D:11)
  4 killer bees (D:9)
  A scorpion (D:4)
  A spriggan skeleton (Lab)
  3 howler monkeys
  A bullfrog zombie (D:5)
  2 centaur zombies
  9 crimson imps
  6 lava snakes
  2 quasits
  3 jellies
  4 centaur skeletons
  17 orc wizards
  3 bullfrog skeletons
  6 orc priests
  Crazy Yiuf (D:7)
  8 hounds
  8 worker ants
  3 iguanas
  A hound zombie (D:7)
  A hound skeleton (D:9)
  3 worker ant zombies
  13 adders
  7 gnolls
  3 shadow imps
  6 white imps (Lair:3)
  An ooze (D:3)
  An adder skeleton (D:5)
  A worm (D:4)
  2 dart slugs
  4 leopard geckos
  73 orcs
  6 giant cockroaches
  7 goblins
  11 hobgoblins
  4 jackals (D:8)
  17 bats
  4 frilled lizards
  A jackal skeleton (D:4)
  15 kobolds
  A leopard gecko zombie (D:5)
  5 rats
499 creatures vanquished.

Vanquished Creatures (collateral kills)
  A cyclops (D:7)
  2 polar bears (IceCv)
  A blink frog (Lair:3)
  6 yaks
  6 white imps (Lair:3)
16 creatures vanquished.

Vanquished Creatures (others)
  A spiny frog (Lair:3)
  3 polar bears (IceCv)
  4 yaks
  A sky beast (D:7)
  3 wolves (IceCv)
  43 fungi
  8 plants (D:8)
63 creatures vanquished.

Grand Total: 578 creatures vanquished

Notes
Turn   | Place    | Note
-------+----------+-------------------------------------------
     0 | D:1      | microfolk the Kobold Berserker began the quest for the Orb.
     0 | D:1      | Reached XP level 1. HP: 14/14 MP: 1/1
   222 | D:1      | Reached XP level 2. HP: 19/19 MP: 2/2
  1074 | D:1      | Reached XP level 3. HP: 24/24 MP: 3/3
  1254 | D:2      | Reached skill level 1 in Throwing
  1427 | D:2      | Reached XP level 4. HP: 29/29 MP: 4/4
  1741 | D:2      | Reached XP level 5. HP: 33/33 MP: 5/5
  1836 | D:2      | Reached ** piety under Trog
  2419 | D:3      | Found a shattered altar of Ashenzari.
  2558 | D:3      | Reached XP level 6. HP: 39/39 MP: 6/6
  3222 | D:4      | Reached *** piety under Trog
  3441 | D:4      | Reached skill level 5 in Fighting
  3534 | D:4      | Noticed an ogre
  3541 | D:4      | Killed an ogre
  3541 | D:4      | Reached skill level 5 in Dodging
  3541 | D:4      | Reached XP level 7. HP: 44/44 MP: 7/7
  3595 | D:4      | Found a staircase to the Ecumenical Temple.
  3625 | Temple   | Entered the Ecumenical Temple
  3713 | D:4      | Reached skill level 5 in Throwing
  3757 | D:4      | Noticed a water moccasin
  3764 | D:4      | Killed a water moccasin
  3773 | D:4      | Received a gift from Trog
  3869 | D:4      | Reached XP level 8. HP: 51/51 MP: 8/8
  4333 | D:4      | Found a shimmering altar of Xom.
  4809 | D:5      | Entered Level 5 of the Dungeon
  4866 | D:5      | Noticed Prince Ribbit
  5148 | D:5      | Noticed Blork the orc
  5148 | D:5      | Noticed Sigmund
  5246 | D:5      | Found a burning altar of Makhleb.
  5267 | D:5      | Noticed Eustachio
  5280 | D:5      | Reached **** piety under Trog
  5302 | D:5      | Killed Eustachio
  5435 | D:5      | Noticed Edmund
  5454 | D:5      | Killed Edmund
  5708 | D:5      | Killed Sigmund
  5708 | D:5      | Reached XP level 9. HP: 59/59 MP: 9/9
  5828 | D:5      | Killed Blork the orc
  5828 | D:5      | Reached skill level 1 in Evocations
  7352 | D:6      | Found a blossoming altar of Fedhas.
  7679 | D:7      | Noticed a purple ugly thing
  7712 | D:6      | Killed a purple ugly thing
  7712 | D:6      | Reached skill level 5 in Evocations
  8124 | D:7      | Reached XP level 10. HP: 66/66 MP: 14/14
  8234 | D:7      | Noticed Pikel
  8325 | D:7      | Noticed Joseph
  8668 | D:7      | Killed Joseph
  8741 | D:7      | Found a runed door.
  8813 | D:7      | Noticed a cyclops
  8913 | D:6      | Killed Pikel
  8913 | D:6      | Reached skill level 10 in Dodging
  9483 | D:8      | Found a staircase to the Lair.
  9749 | D:8      | Reached ***** piety under Trog
 10028 | D:8      | Found a bloodstained altar of Trog.
 10101 | D:8      | Found a basalt altar of Yredelemnul.
 10102 | D:8      | Found an ancient bone altar of Kikubaaqudgha.
 10103 | D:8      | Found an ornate altar of the Wu Jian Council.
 10104 | D:8      | Found a sacrificial altar of Ru.
 10115 | D:8      | Reached skill level 10 in Fighting
 10172 | D:8      | Reached XP level 11. HP: 71/72 MP: 16/16
 10651 | D:9      | Found an opulent altar of Gozag.
 10651 | D:9      | Found Gozag's Platinum Reserve.
 10664 | D:9      | Reached skill level 5 in Armour
 11190 | D:9      | Found a glowing golden altar of the Shining One.
 11343 | D:9      | Found a hazy altar of Hepliaklqana.
 11634 | D:9      | Found a radiant altar of Vehumet.
 12327 | D:3      | Found a shattered altar of Ashenzari.
 12449 | D:4      | Found a staircase to the Ecumenical Temple.
 12569 | D:4      | Found a shimmering altar of Xom.
 12644 | D:4      | Killed Prince Ribbit
 12644 | D:4      | Reached skill level 1 in Crossbows
 13193 | D:7      | Killed a cyclops
 13328 | D:7      | Noticed Crazy Yiuf
 13336 | D:7      | Killed Crazy Yiuf
 13968 | D:10     | Entered Level 10 of the Dungeon
 13968 | D:10     | Noticed crasatator's ghost (novice TrFi)
 14192 | D:10     | Received a gift from Trog
 14385 | D:10     | Noticed a tengu warrior
 14618 | Lair:1   | Entered Level 1 of the Lair of Beasts
 15634 | Lair:1   | Reached skill level 5 in Crossbows
 16403 | Lair:1   | Reached XP level 12. HP: 79/79 MP: 18/18
 17288 | Lair:2   | Found a dark tunnel.
 17317 | Volcano  | Entered a volcano
 18992 | Lair:2   | Received a gift from Trog
 19396 | Lair:2   | Found a staircase to the Swamp.
 20398 | Lair:3   | Reached skill level 10 in Evocations
 20460 | Lair:3   | Found a frozen archway.
 20485 | IceCv    | Entered an ice cave
 21856 | IceCv    | Reached XP level 13. HP: 71/85 MP: 20/20
 23270 | IceCv    | Reached skill level 10 in Crossbows
 23468 | IceCv    | Noticed a frost giant
 23479 | IceCv    | Received a gift from Trog
 23494 | IceCv    | Killed a frost giant
 23868 | IceCv    | Found the +7 great mace "Firestarter" {inner flame, rF++}
 23876 | IceCv    | Got a shimmering steel ring
 24033 | Lair:3   | Identified the ring "Yrosk" {Ice Int+4 Dex+4} (You found it in an ice cave)
 25835 | Lair:4   | Noticed Rhok's ghost (journeyman FeBe)
 25905 | Lair:4   | Noticed an eight-headed hydra
 26695 | D:8      | Noticed a two-headed hydra
 26699 | D:8      | Killed a two-headed hydra
 26962 | D:10     | Noticed Urug
 26973 | D:10     | Killed Urug
 27069 | D:10     | Killed crasatator's ghost
 27696 | D:9      | Reached XP level 14. HP: 92/92 MP: 22/22
 28173 | D:9      | Received a gift from Trog
 29498 | D:11     | Received a gift from Trog
 29918 | D:11     | Received a gift from Trog
 30885 | D:10     | Received a gift from Trog
 31065 | D:11     | Found a staircase to the Orcish Mines.
 31114 | D:11     | Found a roughly hewn altar of Beogh.
 31194 | Orc:1    | Entered Level 1 of the Orcish Mines
 31400 | D:12     | Found Osiol's Food Emporium.
 31764 | D:12     | Found a labyrinth entrance.
 31774 | Lab      | Entered a labyrinth
 32728 | Lab      | Received a gift from Trog
 32943 | Lab      | Slain by a gargoyle

Skill      XL: |  1  2  3  4  5  6  7  8  9 10 11 12 13 14 |
---------------+-------------------------------------------+-----
Dodging        | 3 4 5 6 8 9 10 11 12 13 | 13.0
Throwing       | 1 2 3 4 5 |  5.0
Fighting       | 4 5 6 8 9 10 11 12 13 | 13.3
Evocations     | 5 7 9 10 11 12 | 12.6
Armour         | 4 5 6 |  6.0
Crossbows      | 6 9 12 13 | 13.8
Short Blades   | |  4.0

Action                   |  1- 3 |  4- 6 |  7- 9 | 10-12 | 13-15 || total
-------------------------+-------+-------+-------+-------+-------++-------
Melee: Short sword       |    76 |   144 |       |       |       ||   220
       Dagger            |       |    33 |   473 |   999 |  1179 ||  2684
 Fire: Hunting sling     |       |    33 |     1 |       |       ||    34
       Hand crossbow     |       |       |       |    81 |    73 ||   154
Throw: Stone             |     2 |       |     1 |       |       ||     3
       Tomahawk          |       |       |       |    17 |     8 ||    25
Invok: Berserk           |     3 |    10 |    13 |    37 |    35 ||    98
       Burn Spellbooks   |       |     1 |       |     3 |       ||     4
       Trog's Hand       |       |       |     1 |    22 |    10 ||    33
       Brothers in Arms  |       |       |       |     2 |       ||     2
Evoke: Wand              |       |       |       |    14 |    51 ||    65
  Use: Scroll            |       |     2 |     3 |    22 |    10 ||    37
       Potion            |       |       |       |     1 |     2 ||     3
 Stab: Sleeping          |     1 |       |       |       |       ||     1
       Distracted        |       |       |       |     1 |       ||     1
       Paralysed         |       |       |       |       |    21 ||    21
  Eat: Chunk             |    12 |    16 |    23 |    99 |    55 ||   205
       Ration            |       |       |       |       |    16 ||    16
Armor: Animal skin       |     5 |       |       |       |       ||     5
       Leather armour    |     2 |       |       |       |       ||     2
       Scale mail        |       |    50 |   113 |   182 |   202 ||   547
Dodge: Dodged            |    65 |   154 |   323 |   785 |   957 ||  2284
